[Event "Titled Tuesday Blitz June 20 Early 2023"]
[White "Reprintsev, Alexander"]
[Black "Indjic, Aleksandar"]
[WhiteFideId "14100541"]
[BlackFideId "911925"]
[WhiteElo "2229"]
[BlackElo "2614"]
[Result "0-1"]
[Round "1"]
[TimeControl "180+2"]
[Date "2023.06.20"]
[WhiteClock "0:00:19"]
[BlackClock "0:00:46"]
[Board "26"]

1. e4 e6 2. d4 d5 3. Nc3 Bb4 4. Ne2 Nf6 5. e5 Nfd7 6. a3 Be7 7. f4 c5 8. Be3 a6 9. g3 Nc6 10. Bh3 g6 11. O-O h5 12. dxc5 Nxc5 13. Nd4 Nxd4 14. Bxd4 b5 15. b4 Nd7 16. Ne2 Nb6 17. Nc1 Na4 18. Nb3 Bd7 19. Rf3 Qc7 20. Bf1 g5 21. fxg5 Bxg5 22. Nc5 Nxc5 23. Bxc5 h4 24. Qd4 hxg3 25. hxg3 Be7 26. Rc3 Bxc5 27. Rxc5 Qd8 28. Qf4 Rc8 29. Bd3 Rxc5 30. bxc5 Qe7 31. Qe3 Bc6 32. Kf2 Rh2+ 33. Ke1 Rh1+ 34. Bf1 d4 35. Qxd4 Qg5 36. Qf4 Qxf4 37. gxf4 Bg2 38. Kf2 Bxf1 39. Rxf1 Rxf1+ 40. Kxf1 Kd7 41. Ke2 Kc6 42. Kd3 Kxc5 43. Kc3 a5 44. Kd3 Kd5 45. Kc3 Ke4 46. a4 bxa4 47. Kb2 Kxf4 0-1


[Site "https://www.chess.com"]

[Event "Titled Tuesday Blitz June 20 Early 2023"]
[White "Makhnev, Denis"]
[Black "Garcia Blanco, Omar"]
[WhiteFideId "13707647"]
[BlackFideId "2287153"]
[WhiteElo "2515"]
[BlackElo "2356"]
[Result "0-1"]
[Round "1"]
[TimeControl "180+2"]
[Date "2023.06.20"]
[WhiteClock "0:00:00"]
[BlackClock "0:00:13"]
[Board "27"]

1. d4 Nf6 2. c4 e6 3. Nf3 d5 4. g3 Be7 5. Bg2 O-O 6. O-O c6 7. Qc2 b6 8. Bf4 Bb7 9. Rd1 Na6 10. Ne5 Rc8 11. Nc3 b5 12. c5 Nd7 13. a3 Nxe5 14. Bxe5 f6 15. Bf4 e5 16. dxe5 fxe5 17. Bxe5 Bxc5 18. e3 Qe7 19. Bd4 Bxd4 20. Rxd4 Nc5 21. b4 Nd7 22. Rd2 Ne5 23. Ne2 a5 24. Qc3 Nc4 25. Rda2 a4 26. Nd4 Rf6 27. Re2 Rcf8 28. Rae1 Nd6 29. Nxc6 Qc7 30. Bxd5+ Kh8 31. Rc1 Nc4 32. Qd4 Bxc6 33. Bxc4 bxc4 34. Rxc4 Rd6 35. Qc3 Qd7 36. Re1 Rd3 37. Qe5 Rd1 38. Rc1 Rxe1+ 39. Rxe1 Qd2 40. Rf1 Qe2 41. f3 Bxf3 42. Rf2 Qd1+ 43. Rf1 Qc2 44. Rf2 Qc1+ 45. Rf1 Qc8 46. Qd6 h6 47. b5 Rf6 48. Qd2 Qc5 49. Qd8+ Rf8 50. Qd3 Bb7 51. Rxf8+ Qxf8 52. Qe2 Qe7 53. b6 Qe4 54. Kf2 Qh1 55. e4 Qxh2+ 56. Ke3 Qxe2+ 57. Kxe2 Bxe4 58. Ke3 Bg2 59. Kd4 g5 60. Ke5 Kg7 61. Kf5 Kf7 62. g4 Bf3 63. Ke5 Kg6 64. Kd4 h5 65. gxh5+ Kxh5 66. Kc4 g4 67. Kb4 g3 68. Kxa4 g2 69. Kb5 g1=Q 70. Ka5 Qc5+ 71. Ka6 Qc6 72. Ka5 Qa8+ 73. Kb4 Qa6 74. Kc5 Qxa3+ 75. Kb5 Qa8 76. Kc5 Qb7 77. Kd4 Qxb6+ 78. Ke5 Qc5+ 0-1


[Site "https://www.chess.com"]

[Event "Titled Tuesday Blitz June 20 Early 2023"]
[White "Tokhirjonova, Gulrukhbegim"]
[Black "Gurel, Ediz"]
[WhiteFideId "14203626"]
[BlackFideId "44507356"]
[WhiteElo "2265"]
[BlackElo "2352"]
[Result "0-1"]
[Round "1"]
[TimeControl "180+2"]
[Date "2023.06.20"]
[WhiteClock "0:00:04"]
[BlackClock "0:00:04"]
[Board "28"]

1. e4 Nf6 2. e5 Nd5 3. Nf3 d6 4. d4 g6 5. Be2 Bg7 6. O-O O-O 7. h3 Nc6 8. c4 Nb6 9. exd6 cxd6 10. Be3 Bf5 11. Nc3 Rc8 12. b3 e5 13. d5 Ne7 14. Rc1 h6 15. Qd2 Kh7 16. Rfd1 Bd7 17. a4 f5 18. a5 f4 19. Bxb6 axb6 20. axb6 Qxb6 21. Rb1 Nf5 22. Bd3 Ra8 23. Ne4 Ra3 24. b4 Rfa8 25. c5 Qc7 26. Rdc1 Ra2 27. Qd1 Ba4 28. Qe1 Qe7 29. b5 dxc5 30. Nxc5 Qd6 31. Ne6 Bf6 32. Rc7+ Kh8 33. Rbc1 Re8 34. Be4 Bxb5 35. Rxb7 Ba6 36. Ra7 Re2 37. Qa5 Bc8 38. Bd3 Rb2 39. Nc7 Rf8 40. Be4 h5 41. Nb5 Qb8 42. Nc7 Rb6 43. Ra8 Qb7 44. Ra7 Qb8 45. Ra8 Qb7 46. Nd2 Nd6 47. Bf3 Rb2 48. Ne4 Nxe4 49. Bxe4 Qb6 50. Qxb6 Rxb6 51. Bxg6 Kg7 52. Bxh5 Bd7 53. Rxf8 Kxf8 54. Bg4 Ba4 55. Ne6+ Ke7 56. Rc7+ Kd6 57. Rf7 Bh4 58. g3 fxg3 59. fxg3 Bxg3 60. Kg2 Bh4 61. Rh7 Be7 62. Ng7 Rb2+ 63. Kg3 Bg5 64. Nf5+ Kxd5 65. Bf3+ Kc5 66. Ne7 Bf4+ 67. Kg4 Bd7+ 68. Kh5 Rb3 69. Bg4 Be8+ 70. Ng6 Rb6 71. Re7 Bxg6+ 72. Kh4 Rd6 73. Rc7+ Kb6 74. Rg7 e4 75. Re7 e3 76. Bh5 Bf5 77. Rf7 Rd5 78. Bg4 Bxg4 79. Kxg4 e2 80. Re7 Re5 81. Rxe5 Bxe5 0-1


[Site "https://www.chess.com"]

[Event "Titled Tuesday Blitz June 20 Early 2023"]
[White "Hakobyan, Aram"]
[Black "Devaev, Alexander"]
[WhiteFideId "13306677"]
[BlackFideId "4169395"]
[WhiteElo "2584"]
[BlackElo "2172"]
[Result "1-0"]
[Round "1"]
[TimeControl "180+2"]
[Date "2023.06.20"]
[WhiteClock "0:00:56"]
[BlackClock "0:00:30"]
[Board "29"]

1. d4 Nf6 2. c4 e6 3. Nc3 Bb4 4. e3 c5 5. a3 Bxc3+ 6. bxc3 Nc6 7. Ne2 d6 8. Ng3 e5 9. d5 Na5 10. e4 b6 11. Bd3 Ba6 12. O-O Qd7 13. Nf5 g6 14. Ne3 O-O-O 15. f3 Rde8 16. Bd2 Kb8 17. Be1 h5 18. Bh4 Nh7 19. Qe2 Qa4 20. Rfb1 f6 21. Bc2 Qd7 22. Qd1 Ref8 23. Ba4 Qe7 24. Bb5 Bc8 25. Qa4 Kc7 26. Bc6 Bd7 27. Rb5 Bxc6 28. dxc6 Kd8 29. Nd5 Qf7 30. Rxa5 bxa5 31. Qxa5+ Ke8 32. Rb1 1-0


[Site "https://www.chess.com"]

[Event "Titled Tuesday Blitz June 20 Early 2023"]
[White "angelgab3"]
[Black "Kozak, Adam"]
[BlackFideId "753246"]
[WhiteElo "2507"]
[BlackElo "2469"]
[Result "0-1"]
[Round "1"]
[TimeControl "180+2"]
[Date "2023.06.20"]
[WhiteClock "0:00:44"]
[BlackClock "0:00:14"]
[Board "30"]

1. e4 e5 2. Nf3 Nc6 3. Bb5 a6 4. Ba4 Nf6 5. O-O Be7 6. Re1 b5 7. Bb3 d6 8. c3 O-O 9. h3 Na5 10. Bc2 c5 11. d4 Qc7 12. Nbd2 Nc6 13. d5 Nd8 14. Nf1 Ne8 15. Ng3 g6 16. a4 Rb8 17. axb5 axb5 18. Ng5 f6 19. Nf3 Nf7 20. Rf1 Ng7 21. Nh2 Bd7 22. Qf3 Kh8 23. Bd2 Ng5 24. Qe2 Nf7 25. Ra2 Ra8 26. Rfa1 Rxa2 27. Rxa2 f5 28. Qd1 f4 29. Ngf1 h5 30. Qa1 Rb8 31. Bd1 Qc8 32. Ra7 Bd8 33. Qa6 Qxa6 34. Rxa6 Bb6 35. g3 Bc8 36. Ra1 fxg3 37. h4 gxh2+ 38. Nxh2 c4 39. Kg2 Kg8 40. Nf3 Bg4 41. Ra6 Bc8 42. Ra1 Ne8 43. Rc1 Nf6 44. b3 Nxe4 45. bxc4 bxc4 46. Be1 Bg4 47. Be2 Rc8 48. Rb1 Bc5 49. Bxc4 Bxf2 50. Ba6 Ra8 51. Bb7 Ra2 0-1


[Site "https://www.chess.com"]

[Event "Titled Tuesday Blitz June 20 Early 2023"]
[White "Shimanov, Aleksandr"]
[Black "Akylbek2021"]
[WhiteFideId "4198603"]
[WhiteElo "2631"]
[BlackElo "2506"]
[Result "1-0"]
[Round "1"]
[TimeControl "180+2"]
[Date "2023.06.20"]
[WhiteClock "0:00:13"]
[BlackClock "0:00:00"]
[Board "31"]

1. b3 Nf6 2. Bb2 g6 3. Nf3 Bg7 4. d4 O-O 5. g3 d6 6. Bg2 Nbd7 7. O-O a5 8. a4 c6 9. Nbd2 Qc7 10. e4 Re8 11. Re1 e6 12. e5 dxe5 13. dxe5 Nd5 14. Nc4 Rd8 15. Qe2 b6 16. Qe4 Ba6 17. Bf1 Bxc4 18. Bxc4 Nc5 19. Qh4 Qe7 20. Qxe7 Nxe7 21. Ba3 Nf5 22. Rad1 Bf8 23. Bc1 Rxd1 24. Rxd1 Ne4 25. g4 Ne7 26. Be3 b5 27. Bf1 Nd5 28. Bd4 bxa4 29. bxa4 Rb8 30. c4 Ndc3 31. Re1 Bc5 32. Re3 Bxd4 33. Nxd4 c5 34. Nb5 Nxb5 35. cxb5 Nd2 36. Rc3 c4 37. Be2 Rd8 38. f3 Kf8 39. Kf2 Ke7 40. Ke3 Nb3 41. Rxc4 Rd5 42. f4 Rd7 43. h4 h6 44. Bf3 Kd8 45. Bc6 Rd1 46. b6 Kc8 47. Bb5+ Kb8 48. Ba6 Rd8 49. Rc7 Nd4 50. Rb7+ Ka8 51. Rxf7 1-0


[Site "https://www.chess.com"]

[Event "Titled Tuesday Blitz June 20 Early 2023"]
[White "Kuzmin, Roman"]
[Black "Durarbayli, Vasif"]
[WhiteFideId "44134932"]
[BlackFideId "13402935"]
[WhiteElo "2122"]
[BlackElo "2551"]
[Result "0-1"]
[Round "1"]
[TimeControl "180+2"]
[Date "2023.06.20"]
[WhiteClock "0:01:09"]
[BlackClock "0:01:10"]
[Board "32"]

1. e4 c5 2. Nf3 d6 3. d4 cxd4 4. Nxd4 Nf6 5. Nc3 Nc6 6. Bg5 Qb6 7. Nb3 e6 8. Qd2 a6 9. O-O-O Be7 10. f4 O-O 11. Kb1 Rd8 12. Bd3 Qc7 13. Qf2 b5 14. g4 b4 15. Ne2 a5 16. Nbd4 Nxd4 17. Nxd4 Nxg4 18. Qg3 Bxg5 19. Qxg4 Bf6 20. Nf3 e5 21. Qg3 a4 22. Rhg1 a3 23. fxe5 dxe5 24. Nd2 axb2 25. Rdf1 Qe7 26. Nc4 Be6 27. Nxb2 Bxa2+ 28. Kc1 Be6 29. Kd2 g6 30. Ke2 Ra2 31. Rb1 b3 32. cxb3 Bxb3 33. Rgc1 Bg5 34. Rc3 Rb8 35. Qg4 Be6 0-1


[Site "https://www.chess.com"]

[Event "Titled Tuesday Blitz June 20 Early 2023"]
[White "Aravindh, Chithambaram VR."]
[Black "Kochiev, Ivan"]
[WhiteFideId "5072786"]
[BlackFideId "2917890"]
[WhiteElo "2596"]
[BlackElo "2287"]
[Result "1-0"]
[Round "1"]
[TimeControl "180+2"]
[Date "2023.06.20"]
[WhiteClock "0:00:02"]
[BlackClock "0:00:00"]
[Board "33"]

1. c4 Nf6 2. Nf3 e6 3. b3 Be7 4. Bb2 O-O 5. e3 b6 6. d4 Bb7 7. Bd3 d5 8. Nbd2 c5 9. O-O Nc6 10. Rc1 cxd4 11. Nxd4 Rc8 12. cxd5 Nxd5 13. Nxc6 Rxc6 14. Rxc6 Bxc6 15. Bxh7+ Kxh7 16. Qc2+ Kg8 17. Qxc6 Nxe3 18. Qc3 Bf6 19. Qxe3 Bxb2 20. Nf3 Qf6 21. Rd1 Rd8 22. Rd2 Rxd2 23. Qxd2 Ba3 24. h4 Bc5 25. Qd7 Qa1+ 26. Kh2 a5 27. Ng5 Qe5+ 28. g3 Qf5 29. Qd8+ Bf8 30. Kg2 f6 31. Nf3 Qc2 32. Qd7 Qe4 33. Qd4 Qc6 34. Qd3 Bc5 35. Kg1 Kf7 36. Qe2 Qd5 37. Kh2 a4 38. bxa4 Qc6 39. Qd3 Bxf2 40. Kg2 Bc5 41. Qb3 Qd6 42. Qc4 Qd1 43. a5 Qb1 44. a6 Be3 45. a7 1-0


[Site "https://www.chess.com"]

[Event "Titled Tuesday Blitz June 20 Early 2023"]
[White "Zheenbekov, Nurgazy"]
[Black "Nogerbek, Kazybek"]
[WhiteFideId "13800485"]
[BlackFideId "13710427"]
[WhiteElo "1975"]
[BlackElo "2498"]
[Result "0-1"]
[Round "1"]
[TimeControl "180+2"]
[Date "2023.06.20"]
[WhiteClock "0:00:00"]
[BlackClock "0:00:05"]
[Board "34"]

1. e4 e6 2. d4 d5 3. Nc3 Bb4 4. Bd3 dxe4 5. Bxe4 Nf6 6. Bd3 c5 7. Nf3 O-O 8. O-O Bxc3 9. bxc3 b6 10. Bg5 Bb7 11. Re1 h6 12. Bh4 Nbd7 13. Ne5 Qc8 14. Qe2 Nd5 15. Qd2 cxd4 16. cxd4 Nxe5 17. dxe5 Qc5 18. Be4 Rac8 19. h3 Rc7 20. c4 Nb4 21. Rac1 Bxe4 22. Rxe4 Nc6 23. Bf6 Ne7 24. Rg4 Ng6 25. h4 gxf6 26. h5 f5 27. Rg3 Kg7 28. Qf4 Rd8 29. Re1 Rd4 30. Qc1 Rcd7 31. hxg6 fxg6 32. Rh3 g5 0-1


[Site "https://www.chess.com"]

[Event "Titled Tuesday Blitz June 20 Early 2023"]
[White "Sanal, Vahap"]
[Black "Lehtosaari, Mauri"]
[WhiteFideId "6300545"]
[BlackFideId "501999"]
[WhiteElo "2606"]
[BlackElo "2501"]
[Result "1-0"]
[Round "1"]
[TimeControl "180+2"]
[Date "2023.06.20"]
[WhiteClock "0:00:20"]
[BlackClock "0:00:02"]
[Board "35"]

1. Nf3 d5 2. b3 Nf6 3. Bb2 Bg4 4. Ne5 Bf5 5. g3 Nbd7 6. Nxd7 Qxd7 7. Bg2 Bh3 8. O-O h5 9. Bxf6 gxf6 10. e3 h4 11. Qe2 Bxg2 12. Kxg2 O-O-O 13. Nc3 e6 14. d4 Bb4 15. Nd1 Rdg8 16. Qf3 Rg6 17. Rh1 Bd6 18. Nc3 a6 19. Ne2 c6 20. Rag1 Kb8 21. Kf1 Qc7 22. gxh4 Rgh6 23. h3 Rxh4 24. Qxf6 Rxh3 25. Rxh3 Rxh3 26. Rg7 Be7 27. Qf4 Bd6 28. Qxf7 Qxf7 29. Rxf7 e5 30. Kg2 Rh8 31. dxe5 Bxe5 32. f4 Bc7 33. Nd4 Bb6 34. f5 Rg8+ 35. Kf3 Rg1 36. f6 Rf1+ 37. Ke2 Rh1 38. Rf8+ Ka7 39. f7 Bc5 40. Rg8 Rh2+ 41. Kf3 Rh3+ 42. Kf2 Rh2+ 43. Kg3 Rh7 44. f8=Q Bxf8 45. Rxf8 c5 46. Nf5 d4 47. exd4 cxd4 48. Nxd4 Rd7 49. Rf4 Kb6 50. Kf3 Kc5 51. c3 a5 52. Rf5+ Kb6 53. a4 Ka6 54. Rf6+ b6 55. Ke3 Rh7 56. Kd3 Rg7 57. Nf5 Rd7+ 58. Nd6 Rh7 59. Ke4 Rg7 60. Nc4 Rh7 61. Rxb6+ Ka7 62. Rb5 Ka6 63. Rxa5+ Kb7 64. Re5 Rh4+ 65. Kd3 Rh3+ 66. Kc2 1-0


[Site "https://www.chess.com"]

[Event "Titled Tuesday Blitz June 20 Early 2023"]
[White "Fieberg, Samuel"]
[Black "Zhigalko, Sergei"]
[WhiteFideId "12901717"]
[BlackFideId "13502956"]
[WhiteElo "2500"]
[BlackElo "2626"]
[Result "0-1"]
[Round "1"]
[TimeControl "180+2"]
[Date "2023.06.20"]
[WhiteClock "0:01:23"]
[BlackClock "0:01:42"]
[Board "36"]

1. e4 c5 2. Nf3 Nc6 3. Bb5 Nf6 4. Bxc6 dxc6 5. d3 Bg4 6. h3 Bh5 7. Nbd2 Qc7 8. Nf1 e6 9. Ng3 Bg6 10. Bg5 Nd7 11. Qd2 Bd6 12. Ne2 O-O 13. b3 f6 14. Bf4 e5 15. Be3 Rfd8 16. Nh4 Bf7 17. g4 b5 18. c4 Nf8 19. Qc3 Ne6 20. Nf5 Bf8 21. h4 Nd4 22. Bxd4 cxd4 23. Qd2 a5 24. g5 Bb4 0-1


[Site "https://www.chess.com"]

[Event "Titled Tuesday Blitz June 20 Early 2023"]
[White "Sjugirov, Sanan"]
[Black "Rodchenkov, Sergey D."]
[WhiteFideId "4189302"]
[BlackFideId "4168712"]
[WhiteElo "2569"]
[BlackElo "2277"]
[Result "1-0"]
[Round "1"]
[TimeControl "180+2"]
[Date "2023.06.20"]
[WhiteClock "0:00:14"]
[BlackClock "0:00:21"]
[Board "37"]

1. e4 c5 2. Nf3 d6 3. d4 cxd4 4. Nxd4 Nf6 5. Nc3 a6 6. Be3 e5 7. Nf3 Be7 8. Bc4 O-O 9. O-O Nbd7 10. a4 b6 11. Qe2 Bb7 12. Nd2 Qc7 13. Rfd1 Rfc8 14. Ba2 Nf8 15. Nc4 N8d7 16. f3 Rd8 17. Bf2 Nc5 18. Ne3 Ne6 19. Nf5 Bf8 20. Bh4 Kh8 21. Kh1 Rdc8 22. Bxf6 gxf6 23. Qf2 Ng7 24. Ne3 Qc5 25. Bd5 Rab8 26. Bxb7 Rxb7 27. Ncd5 f5 28. b4 Qc6 29. exf5 Ne8 30. c4 f6 31. Qh4 Bg7 32. Qe4 Qd7 33. Ra3 Nc7 34. h3 Qc6 35. Nxf6 Qxe4 36. Nxe4 Ne8 37. Nxd6 Nxd6 38. Rxd6 Bh6 39. Rxh6 Kg7 40. Rd6 1-0


[Site "https://www.chess.com"]

[Event "Titled Tuesday Blitz June 20 Early 2023"]
[White "Shuvalov, Evgenij"]
[Black "Baskakov, Egor"]
[WhiteFideId "4187237"]
[BlackFideId "24197866"]
[WhiteElo "2080"]
[BlackElo "2225"]
[Result "0-1"]
[Round "1"]
[TimeControl "180+2"]
[Date "2023.06.20"]
[WhiteClock "0:00:05"]
[BlackClock "0:00:06"]
[Board "38"]

1. d4 Nf6 2. c4 e6 3. Nc3 d5 4. cxd5 Nxd5 5. e4 Nxc3 6. bxc3 b6 7. Nf3 Bb7 8. Bd3 Nd7 9. h4 Be7 10. h5 h6 11. Rh3 c5 12. Rg3 Kf8 13. e5 cxd4 14. cxd4 Rc8 15. Qd2 Nb8 16. Qf4 Nc6 17. Be4 Qd7 18. Be3 Nb4 19. Bg6 Bd8 20. Kf1 Nd5 21. Qg4 Nxe3+ 22. fxe3 fxg6 23. Qxg6 Qf7 24. Qd3 Qxh5 25. Kg1 Qf5 26. Qb5 Kg8 27. Rf1 Be7 28. Qd7 Ba6 29. Qxe7 g5 30. Rf2 Rh7 31. Qa3 Qd3 32. Qd6 Qg6 33. Nxg5 Rc1+ 34. Kh2 hxg5+ 35. Rh3 Rxh3+ 36. gxh3 Rc8 37. Rf6 Qh5 38. Qxe6+ Kg7 39. Qe7+ Kh8 40. Qe6 Rc2+ 41. Kg3 Qh4+ 42. Kf3 Be2+ 43. Kg2 Bc4+ 44. Kf3 Bxe6 45. Rxe6 Qf2+ 46. Ke4 Qg2+ 47. Kf5 Qxh3+ 48. Kg6 Qxe6+ 49. Kxg5 Rf2 0-1


[Site "https://www.chess.com"]

[Event "Titled Tuesday Blitz June 20 Early 2023"]
[White "Henriquez Villagra, Cristobal"]
[Black "Ginzburg, Yakov"]
[WhiteFideId "3409350"]
[BlackFideId "4157176"]
[WhiteElo "2542"]
[BlackElo "2305"]
[Result "1-0"]
[Round "1"]
[TimeControl "180+2"]
[Date "2023.06.20"]
[WhiteClock "0:00:33"]
[BlackClock "0:00:00"]
[Board "39"]

1. e4 c5 2. Nf3 e6 3. d3 d5 4. Nbd2 Nc6 5. Be2 Nf6 6. O-O Be7 7. Re1 O-O 8. Bf1 b6 9. b3 Bb7 10. Bb2 dxe4 11. dxe4 Nd4 12. e5 Nxf3+ 13. Nxf3 Qxd1 14. Raxd1 Nd5 15. a3 Rad8 16. Nd2 a6 17. g3 b5 18. Ne4 Ba8 19. c4 Nc7 20. Nd6 Bxd6 21. exd6 Ne8 22. d7 Nf6 23. cxb5 Nxd7 24. bxa6 Nb6 25. Be5 Rd5 26. Bc7 Rxd1 27. Rxd1 Nd5 28. Bd6 Rc8 29. a7 Rc6 30. Bb8 Kf8 31. Rc1 Ke7 32. Bg2 Rb6 33. Rb1 c4 34. b4 c3 35. Rc1 Ra6 36. Bxd5 Bxd5 37. Rxc3 Kd7 38. f3 Ba8 39. Kf2 Rc6 40. Rd3+ Kc8 41. Ke3 Rc2 42. h4 h5 43. Kd4 f6 44. f4 Bd5 45. f5 Rc4+ 46. Ke3 Re4+ 47. Kd2 Ba8 48. Rc3+ Kd8 49. fxe6 Rxe6 50. Rc7 Re7 51. Rc5 Rd7+ 52. Ke3 Rd5 53. Rc3 Rd7 54. Rb3 Rd5 55. b5 Kc8 56. a4 Kb7 57. a5 Re5+ 58. Bxe5 1-0


[Site "https://www.chess.com"]

[Event "Titled Tuesday Blitz June 20 Early 2023"]
[White "Urbina Perez, Juan Antonio"]
[Black "Eljanov, Pavel"]
[WhiteFideId "2217368"]
[BlackFideId "14102951"]
[WhiteElo "2197"]
[BlackElo "2598"]
[Result "0-1"]
[Round "1"]
[TimeControl "180+2"]
[Date "2023.06.20"]
[WhiteClock "0:00:42"]
[BlackClock "0:01:12"]
[Board "40"]

1. e4 c6 2. Nf3 d5 3. d3 dxe4 4. dxe4 Qxd1+ 5. Kxd1 Nf6 6. Nfd2 h5 7. f3 h4 8. h3 e5 9. Bc4 Nh5 10. Nf1 Nd7 11. c3 b5 12. Bb3 Nc5 13. Be3 a5 14. Bc2 Be6 15. Nbd2 a4 16. Ke2 O-O-O 17. Rg1 Be7 18. b4 Nd7 19. a3 Nf4+ 20. Bxf4 exf4 21. Rc1 Ne5 22. Nh2 Nc4 23. Nxc4 Bxc4+ 24. Ke1 Bf6 25. Bd1 Rd3 26. Ng4 Bxc3+ 27. Rxc3 Rxc3 28. Ne5 Rxa3 29. Nxc6 Kc7 30. Ne5 Rd8 0-1


[Site "https://www.chess.com"]

[Event "Titled Tuesday Blitz June 20 Early 2023"]
[White "Ibarra Jerez, Jose Carlos"]
[Black "Aggelis, Nikolaos"]
[WhiteFideId "2226332"]
[BlackFideId "4213220"]
[WhiteElo "2631"]
[BlackElo "2189"]
[Result "1-0"]
[Round "1"]
[TimeControl "180+2"]
[Date "2023.06.20"]
[WhiteClock "0:01:59"]
[BlackClock "0:00:00"]
[Board "41"]

1. e4 c6 2. Nf3 d5 3. d3 dxe4 4. dxe4 Qxd1+ 5. Kxd1 Bg4 6. Be2 Nd7 7. Ne1 Bxe2+ 8. Kxe2 e5 9. Nd3 Nc5 10. Nxe5 Nxe4 11. Re1 Nd6 12. Kf1 O-O-O 13. Nc3 f6 14. Nd3 Ne7 15. Nc5 Nd5 16. Nxd5 cxd5 17. Bf4 Nc4 18. Ne6 Rd7 19. b3 Nb6 20. Be3 Bb4 21. c3 Bd6 22. a4 Re8 23. Nd4 Kb8 24. Nb5 Be5 25. Bxb6 axb6 26. f4 Rde7 27. fxe5 fxe5 28. Rad1 Rd7 29. Re3 g5 30. Rde1 Rde7 31. Nd6 1-0


[Site "https://www.chess.com"]

[Event "Titled Tuesday Blitz June 20 Early 2023"]
[White "Khamdamova, Afruza"]
[Black "Demidov, Mikhail"]
[WhiteFideId "14210444"]
[BlackFideId "4197143"]
[WhiteElo "2312"]
[BlackElo "2500"]
[Result "0-1"]
[Round "1"]
[TimeControl "180+2"]
[Date "2023.06.20"]
[WhiteClock "0:00:00"]
[BlackClock "0:00:05"]
[Board "42"]

1. e4 g6 2. d4 Bg7 3. Nc3 a6 4. Be3 b5 5. Nf3 Bb7 6. Bd3 d6 7. O-O Nd7 8. Re1 c5 9. a4 b4 10. Ne2 cxd4 11. Bxd4 Ngf6 12. Ng3 O-O 13. Qd2 a5 14. Rad1 Qc7 15. Bb5 Rfd8 16. Qe2 Rac8 17. Rd2 Nb6 18. b3 Nbd7 19. Bc4 e6 20. Red1 h6 21. h3 d5 22. exd5 Nxd5 23. Bxg7 Kxg7 24. Bxd5 Bxd5 25. Nd4 Nf6 26. Qe3 Bb7 27. Nb5 Qc6 28. f3 Rxd2 29. Rxd2 Qc5 30. Qxc5 Rxc5 31. Ne2 Nd5 32. Ned4 Kf8 33. Nd6 Ba6 34. Ne4 Rc7 35. Kf2 Ke7 36. Ne2 Bxe2 37. Rxe2 f5 38. Ng3 Nc3 39. Rd2 Nb1 40. Re2 Na3 41. Nf1 Nxc2 42. Nd2 Nd4 43. Re3 Rc2 44. Ke1 Rb2 45. Rd3 e5 46. Re3 Kf6 47. Rd3 h5 48. g3 g5 49. f4 g4 50. h4 Nf3+ 51. Nxf3 gxf3 52. fxe5+ Kxe5 53. Rxf3 Ke4 54. Rf4+ Ke3 55. Kf1 Rxb3 56. Rxf5 Rb1+ 57. Kg2 b3 58. Rxa5 Kd3 59. Rxh5 b2 60. Rb5 Kc3 61. h5 Ra1 62. g4 b1=Q 63. Rxb1 Rxb1 64. Kg3 Kd4 65. Kf4 Kd5 66. Kf5 Kd6 67. Kf6 Rf1+ 68. Kg6 Ke7 69. g5 Kf8 70. h6 Kg8 71. a5 Rc1 72. Kf5 Rc5+ 73. Kf6 Rc6+ 74. Kf5 Kh7 75. Kg4 Kg6 0-1


[Site "https://www.chess.com"]

[Event "Titled Tuesday Blitz June 20 Early 2023"]
[White "Grandelius, Nils"]
[Black "Shapiro, Viktor"]
[WhiteFideId "1710400"]
[BlackFideId "4175700"]
[WhiteElo "2573"]
[BlackElo "2212"]
[Result "1-0"]
[Round "1"]
[TimeControl "180+2"]
[Date "2023.06.20"]
[WhiteClock "0:01:01"]
[BlackClock "0:00:08"]
[Board "43"]

1. Nf3 Nf6 2. c4 c5 3. Nc3 Nc6 4. b3 g6 5. Bb2 Bg7 6. g3 O-O 7. Bg2 d6 8. O-O a6 9. d4 cxd4 10. Nxd4 Bd7 11. Nc2 Rb8 12. Nd5 Nxd5 13. Bxg7 Kxg7 14. cxd5 Ne5 15. h3 f5 16. Nd4 Qb6 17. Qd2 Rbc8 18. Rad1 a5 19. Kh2 Qb4 20. Qe3 Rc3 21. Qg5 Rf6 22. Qd2 Qc5 23. Rc1 Rxc1 24. Rxc1 Qb6 25. Qe3 Qd8 26. Qc3 f4 27. Nf3 fxg3+ 28. fxg3 Nxf3+ 29. Bxf3 Qb6 30. Kg2 h5 31. Qc7 Qe3 32. Rc3 Qe5 33. Rc4 Bf5 34. Qxa5 Qb2 35. Qc3 Qxa2 36. g4 hxg4 37. hxg4 Kf7 38. g5 1-0


[Site "https://www.chess.com"]

[Event "Titled Tuesday Blitz June 20 Early 2023"]
[White "Yeritsyan, Hayk"]
[Black "Pap, Gyula"]
[WhiteFideId "13307320"]
[BlackFideId "725323"]
[WhiteElo "2493"]
[BlackElo "2519"]
[Result "0-1"]
[Round "1"]
[TimeControl "180+2"]
[Date "2023.06.20"]
[WhiteClock "0:00:01"]
[BlackClock "0:00:44"]
[Board "44"]

1. d4 d5 2. Nf3 Nf6 3. Bf4 c5 4. c3 Qb6 5. Qb3 Nc6 6. e3 c4 7. Qc2 Bf5 8. Qc1 Nh5 9. Nbd2 Nxf4 10. exf4 Rc8 11. Be2 e6 12. O-O h6 13. Re1 Bd6 14. g3 Qc7 15. Bd1 Kf8 16. Bc2 Ne7 17. Ne5 b5 18. Nf1 g6 19. Ne3 h5 20. Nxf5 gxf5 21. h4 Ng8 22. Qd2 Nf6 23. a4 b4 24. cxb4 c3 25. bxc3 Qxc3 26. Qxc3 Rxc3 27. Rec1 Bxb4 28. Bd3 Kg7 29. Rab1 a5 30. Rxc3 Bxc3 31. Rb7 Rf8 32. Nf3 Ng4 33. Bb5 Kg6 34. Kf1 Rc8 35. Bd7 Rd8 36. Ke2 Bb4 37. Ng5 Nf6 38. Bb5 Rf8 39. Nf3 Ne4 40. Bd3 Nc3+ 41. Ke3 Nxa4 42. Ne5+ Kg7 43. f3 Nb2 44. Bb5 Bd6 45. Bd7 Bxe5 46. fxe5 Nc4+ 47. Kf4 Kg6 48. Bb5 Ra8 49. Ba4 Rc8 50. g4 hxg4 51. fxg4 fxg4 52. Kxg4 f5+ 53. exf6 Kxf6 54. Kf4 Rh8 55. Kg3 Nd6 56. Rb6 Nf5+ 57. Kf2 Rxh4 58. Bd7 Nxd4 59. Ra6 Rh7 60. Bc8 Rc7 61. Ra8 a4 62. Ba6 a3 63. Bd3 Rc3 64. Ke3 Ke5 65. Kd2 Rb3 66. Ra6 Rb2+ 67. Ke3 a2 68. Bf1 a1=Q 0-1


[Site "https://www.chess.com"]

[Event "Titled Tuesday Blitz June 20 Early 2023"]
[White "Babazada, Khazar"]
[Black "a-z30"]
[WhiteFideId "13413554"]
[WhiteElo "2369"]
[BlackElo "2493"]
[Result "0-1"]
[Round "1"]
[TimeControl "180+2"]
[Date "2023.06.20"]
[WhiteClock "0:00:11"]
[BlackClock "0:00:05"]
[Board "45"]

1. Nf3 Nf6 2. g3 b6 3. Bg2 Bb7 4. O-O c5 5. d3 d6 6. Nc3 g6 7. e4 Bg7 8. Bd2 O-O 9. a3 Nc6 10. Rb1 Qd7 11. b4 Rac8 12. Ne2 e5 13. c4 h6 14. Qc1 Kh7 15. Nh4 Nd4 16. Nxd4 cxd4 17. Qd1 b5 18. Qe2 bxc4 19. dxc4 Rc7 20. Rfc1 Rfc8 21. Bf1 Bxe4 22. Rb3 Ba8 23. Bg2 Bxg2 24. Nxg2 Qe6 25. Re1 Rxc4 26. Rbb1 Rc2 27. Qd1 Qa2 28. Re2 Nd5 29. Ne1 Nc3 30. Bxc3 Rxe2 31. Ra1 Qc4 32. Bd2 Rxd2 33. Qxd2 e4 34. Rd1 d3 35. Ng2 Qc2 36. Qe1 Qe2 37. Qxe2 dxe2 38. Re1 Rc3 39. Nf4 f5 40. Rxe2 Rxa3 41. Rc2 g5 42. Ne6 Be5 43. h4 g4 44. h5 Kg8 45. Rc7 Ra2 46. b5 Rb2 47. Rb7 d5 48. Rxa7 Rxb5 49. Nc7 Rb1+ 50. Kg2 Bxc7 51. Ra1 Rxa1 0-1


[Site "https://www.chess.com"]

[Event "Titled Tuesday Blitz June 20 Early 2023"]
[White "Bruedigam, Martin"]
[Black "Galchenko, Matvey"]
[WhiteFideId "24608033"]
[BlackFideId "24175480"]
[WhiteElo "2331"]
[BlackElo "2423"]
[Result "0-1"]
[Round "1"]
[TimeControl "180+2"]
[Date "2023.06.20"]
[WhiteClock "0:00:08"]
[BlackClock "0:00:47"]
[Board "46"]

1. d4 Nf6 2. c4 c5 3. Nf3 cxd4 4. Nxd4 e5 5. Nf3 Nc6 6. Nc3 Bb4 7. Bd2 O-O 8. e3 Re8 9. Be2 Bxc3 10. Bxc3 d5 11. O-O d4 12. exd4 exd4 13. Nxd4 Nxd4 14. Bxd4 Rxe2 15. Qxe2 Qxd4 16. Rad1 Qb6 17. c5 Qc7 18. b4 Bg4 19. f3 Be6 20. a3 a5 21. Qf2 axb4 22. axb4 Nd5 23. Rd4 h5 24. Rfd1 Nf4 25. Kh1 Bb3 26. Re1 Ne6 27. Rd3 Bc4 28. Rc3 Bd5 29. Rd1 Ra2 30. Rc2 Rxc2 31. Qxc2 Qe5 32. Qd2 Bc6 33. Re1 Qf5 34. Qd4 Nxd4 0-1


[Site "https://www.chess.com"]